 Seeded DCSS version 0.29-a0-1027-gcd8c55af63 (webtiles) character file.

Game seed: 20220813 (custom seed)

5943 purpskrrrp the Marksant (level 11, -3/72 HPs)
             Began as a Formicid Hunter on Aug 12, 2022.
             Was a High Priest of Jiyva.
             Slain by a yak (10 damage)
             ... on level 9 of the Dungeon.
             The game lasted 00:29:26 (6919 turns).

purpskrrrp the Marksant (Formicid Hunter)           Turns: 6919, Time: 00:29:27

Health: -3/72      AC:  5    Str: 25    XL:     11   Next: 9%
Magic:  11/11      EV: 12    Int: 15    God:    Jiyva [*****.]
Gold:   158        SH:  5    Dex: 20    Spells: 10/10 levels left

rFire   . . .      SeeInvis +   y - -1 triple crossbow
rCold   . . .      Faith    .   (no shield)
rNeg    . . .      Spirit   .   q - +1 leather armour {Will+}
rPois   .          Reflect  +   (helmet unavailable)
rElec   .          Harm     +   o - scarf {harm}
rCorr   +          Rampage  .   (no gloves)
Will    ++...                   i - +0 pair of boots
Stlth   ++........              t - amulet of reflection
HPRegen 4.06/turn               m - +6 ring of intelligence
MPRegen 0.57/turn               u - +6 ring of strength

@: no status effects
A: permanent stasis, dig shafts and tunnels, antennae 3, four strong arms,
regeneration 3, strong 1, eyeballs 2, engulf
a: Dig, Shaft Self, Renounce Religion, Oozemancy, Slimify


You were on level 9 of the Dungeon.
You worshipped Jiyva.
Jiyva was extremely pleased with you.
You visited 2 branches of the dungeon, and saw 10 of its levels.

You collected 258 gold pieces.
You spent 100 gold pieces at shops.

Inventory:

Hand Weapons
 a - a +0 vorpal shortbow
 y - a -1 triple crossbow (weapon)
Missiles
 k - 6 poisoned darts
Armour
 c - a +0 leather armour
 i - a +0 pair of boots (worn)
 o - a scarf of harm (worn)
 q - a +1 leather armour of willpower (worn)
Jewellery
 m - a +6 ring of intelligence (left hand)
 s - a ring of fire
 t - an amulet of reflection (around neck)
 u - a +6 ring of strength (right hand)
Wands
 r - a wand of polymorph (4)
 x - a wand of roots (7)
 B - a wand of mindburst (14)
Scrolls
 b - a scroll of immolation
 f - a scroll of fog
 g - 3 scrolls of noise
 h - 7 scrolls of teleportation
 j - a scroll of poison
 n - a scroll of vulnerability
 v - a scroll of fear
 z - 2 scrolls of magic mapping
Potions
 d - a potion of might
 e - 2 potions of flight
 l - 3 potions of curing
 p - 2 potions of cancellation
 w - 2 potions of attraction {unknown}


   Skills:
 - Level 2.3 Fighting
 + Level 18.0 Ranged Weapons
 - Level 1.8 Dodging
 - Level 1.4 Stealth


You had 10 spell levels left.
You didn't know any spells.
Your spell library contained the following spells:

 Spells                   Type           Power      Damage    Failure   Level
 Beastly Appendage        Tmut           0%         N/A       30%         1
 Magic Dart               Conj           0%         1d3       30%         1
 Call Imp                 Summ           0%         N/A       43%         2
 Sublimation of Blood     Necr           0%         N/A       43%         2
 Wereblood                Tmut           0%         N/A       43%         2
 Mephitic Cloud           Conj/Pois/Air  0%         N/A       67%         3
 Spider Form              Tmut/Pois      0%         N/A       67%         3
 Petrify                  Tmut/Erth      0%         N/A       97%         4
 Alistair's Intoxication  Tmut/Pois      0%         N/A       100%        5
 Borgnjor's Vile Clutch   Necr/Erth      0%         N/A       100%        5
 Irradiate                Conj/Tmut      0%         3d11      100%        5
 Eringya's Noxious Bog    Tmut/Pois      0%         N/A       100%        6


Dungeon Overview and Level Annotations

Branches:
Dungeon (9/15)             Temple (1/1) D:6
   Lair: D:8-11         Orc: D:9-12

Altars:
Ashenzari
Cheibriados
Dithmenos
Fedhas
Gozag
Hepliaklqana
Kikubaaqudgha
Makhleb
Ru
Sif Muna
Trog
Uskayaw
Xom
Yredelemnul
Zin
Jiyva

Shops:
D:3 ((([(   D:6 !*


Innate Abilities, Weirdness & Mutations

You cannot be hasted, slowed, berserked, paralysed or teleported.
You can dig through walls and to a lower floor.
You have a pair of large antennae on your head. (SInv)
Your four strong arms can wield two-handed weapons with a shield.
You regenerate.
Your muscles are strong. (Str +4, Int/Dex -1)
Your body has grown many eyes which may confuse attackers. (Acc +5)
Your melee attacks may engulf your foes in ooze.


Message History

The orc warrior closely misses you. The yak gores you.
The yak gores you but does no damage.
The orc warrior hits you with a +0 long sword!
You block the yak's attack. x2
A yak comes into view.
Fire: y) -1 triple crossbow
Press: ? - help, Shift-Dir - straight line, f - orc warrior
Aim: an orc warrior, wielding a +0 long sword and wearing a +0 chain mail (68% to hit)
You shoot a bolt.
The bolt closely misses the orc warrior.
The orc warrior closely misses you.
The eyeballs on your body gaze at the orc warrior.
You block the yak's attack. The yak barely misses you.
You shoot a bolt. The bolt hits the orc warrior.
The orc warrior is lightly wounded.
The orc warrior hits you with a +0 long sword!
The yak barely misses you. The yak gores you.
The orc warrior closely misses you.
A yak comes into view.
The yak closely misses you.
The eyeballs on your body gaze at the yak.
You block the yak's attack. The yak closely misses you.
Fire: y) -1 triple crossbow
Press: ? - help, Shift-Dir - straight line, f/p - orc warrior
Aim: an orc warrior, wielding a +0 long sword and wearing a +0 chain mail (lightly wounded, confused, 84% to hit)
You shoot a bolt. The bolt barely misses the orc warrior.
The orc warrior hits itself with a +0 long sword!
You block the yak's attack. The yak gores you. You block the yak's attack.
Fire: y) -1 triple crossbow
Press: ? - help, Shift-Dir - straight line, f/p - orc warrior
Aim: an orc warrior, wielding a +0 long sword and wearing a +0 chain mail (heavily wounded, confused, 84% to hit)
You shoot a bolt. The bolt hits the orc warrior!
You kill the orc warrior!
The yak seems less confused.
The yak gores you! x2; The yak barely misses you.
Your Ranged Weapons skill increases to level 18!
You shoot a bolt. The bolt barely misses the yak.
The yak barely misses you. The yak gores you!
The yak gores you but does no damage. The yak gores you! x2
* * * LOW HITPOINT WARNING * * *
The yak gores you!
You die...

...................
...................
................>..
...................
...............o..$
...........?o......
#..........Y.....
##..#.Y##........
#.###@#.........
#...YYY..#.....Y
#..<............
#.....#........#
#......#...##...#
........###.# ###
#........# ##
#..........
#.........##


You could see 4 yaks.

Vanquished Creatures
  Pikel (D:6)
  15 yaks
  Eustachio (D:6)
  Duvessa (D:6)
  An acid dragon (D:8)
  A water moccasin (D:7)
  2 orc warriors
  A sky beast (D:8)
  An ice beast (D:5)
  4 black bears
  3 ogres
  A centaur (D:5)
  3 lemures (D:6)
  2 phantoms
  2 kobold brigands (D:8)
  A bullfrog (D:8)
  A necrophage (D:5)
  3 scorpions
  2 wights (D:6)
  Dowan (D:6)
  7 killer bees
  8 orc priests
  4 hounds
  2 gnoll boudas
  3 iguanas
  5 orc wizards
  20 gnolls
  4 adders
  A white imp (D:6)
  An ufetubus (D:4)
  17 orcs
  8 ball pythons
  8 endoplasms
  5 goblins
  4 hobgoblins
  3 jackals (D:2)
  5 quokkas
  2 bats
  2 frilled lizards
  10 kobolds
  4 rats
170 creatures vanquished.

Vanquished Creatures (others)
  A human (D:7)
  A centaur (D:6)
  2 scorpions (D:6)
  A wight (D:6)
  11 jellies
  A gnoll bouda (D:6)
  7 gnolls
  An ufetubus (D:7)
  A dart slug (D:4)
  An orc (D:8)
  3 endoplasms (D:4)
  A quokka (D:5)
  A frilled lizard (D:3)
  3 kobolds (D:8)
35 creatures vanquished.

Grand Total: 205 creatures vanquished

Notes
Turn   | Place    | Note
-------+----------+-------------------------------------------
     0 | D:1      | purpskrrrp the Formicid Hunter began the quest for the Orb.
     0 | D:1      | Reached XP level 1. HP: 16/16 MP: 1/1
     6 | D:1      | Noticed a polar bear
     6 | D:1      | Noticed a salamander
     7 | D:1      | Noticed a rime drake
    75 | D:1      | Reached XP level 2. HP: 20/22 MP: 2/2
   533 | D:1      | Reached XP level 3. HP: 27/27 MP: 3/3
  1673 | D:2      | Reached skill level 5 in Ranged Weapons
  1674 | D:2      | Reached XP level 4. HP: 21/33 MP: 4/4
  2024 | D:3      | Found Guhuseed's Weapon Shoppe.
  2177 | D:3      | Found Mavvokar's Armour Emporium.
  2188 | D:3      | Found Isys's Antique Weapon Emporium.
  2189 | D:3      | Bought a scarf of harm for 99 gold pieces
  2230 | D:3      | Found Otopsi's Antique Weapon Emporium.
  2282 | D:3      | Found a faded altar of an unknown god.
  2337 | D:3      | Prayed at the altar of an unknown god.
  2337 | D:3      | Became a worshipper of Jiyva Juuwyogi the Shapeless
  2337 | D:3      | Reached * piety under Jiyva
  2412 | D:3      | Reached XP level 5. HP: 38/38 MP: 5/5
  2469 | D:3      | Found Acaleha's Weapon Shop.
  2505 | D:3      | Reached skill level 6 in Ranged Weapons
  2614 | D:4      | Noticed a phantom
  2625 | D:4      | Killed a phantom
  2626 | D:4      | Reached skill level 7 in Ranged Weapons
  2626 | D:4      | Reached XP level 6. HP: 31/44 MP: 6/6
  2639 | D:4      | Found a sacrificial altar of Ru.
  2697 | D:4      | Noticed an ogre
  2703 | D:4      | Killed an ogre
  2704 | D:4      | Reached XP level 7. HP: 50/50 MP: 7/7
  2761 | D:4      | Reached skill level 8 in Ranged Weapons
  2849 | D:4      | Reached ** piety under Jiyva
  3141 | D:5      | Entered Level 5 of the Dungeon
  3296 | D:5      | Reached skill level 9 in Ranged Weapons
  3296 | D:5      | Reached XP level 8. HP: 56/56 MP: 8/8
  3637 | D:5      | Reached skill level 10 in Ranged Weapons
  3703 | D:5      | Reached *** piety under Jiyva
  3842 | D:6      | Found a staircase to the Ecumenical Temple.
  3853 | Temple   | Entered the Ecumenical Temple
  4099 | D:6      | Found Menn's Lightly-Used Armoury.
  4107 | D:6      | Bought a -2 triple crossbow for 1 gold piece
  4153 | D:6      | Noticed Pikel
  4178 | D:6      | Killed Pikel
  4179 | D:6      | Reached skill level 11 in Ranged Weapons
  4179 | D:6      | Reached XP level 9. HP: 48/61 MP: 7/9
  4331 | D:6      | Reached skill level 12 in Ranged Weapons
  4339 | D:6      | Found Lath's Distillery.
  4403 | D:6      | Noticed Eustachio
  4422 | D:6      | Killed Eustachio
  4554 | D:6      | Gained mutation: Your melee attacks may engulf your foes in
                  | ooze. [Jiyva's grace]
  4554 | D:6      | Gained mutation: Your body has grown eyes which may confuse
                  | attackers. (Acc +3) [Jiyva's grace]
  4554 | D:6      | Gained mutation: Your body has grown many eyes which may
                  | confuse attackers. (Acc +5) [Jiyva's grace]
  4554 | D:6      | Gained mutation: Your body is covered in eyes which may
                  | confuse attackers. (Acc +7, SInv) [Jiyva's grace]
  4637 | D:6      | Found a shimmering altar of Xom.
  4789 | D:6      | Noticed Duvessa
  4792 | D:6      | Killed Duvessa
  4792 | D:6      | Noticed Dowan
  4795 | D:6      | Killed Dowan
  5087 | D:6      | Identified a scroll of acquirement
  5087 | D:6      | Acquired a manual of Ranged Weapons
  5341 | D:7      | Reached **** piety under Jiyva
  5434 | D:7      | Reached skill level 13 in Ranged Weapons
  5543 | D:7      | Found an ancient bone altar of Kikubaaqudgha.
  5998 | D:8      | Reached skill level 14 in Ranged Weapons
  5998 | D:8      | Reached XP level 10. HP: 52/67 MP: 10/10
  6159 | D:8      | Reached skill level 15 in Ranged Weapons
  6163 | D:8      | Reached skill level 16 in Ranged Weapons
  6198 | D:8      | Found a basalt altar of Yredelemnul.
  6262 | D:8      | Reached skill level 17 in Ranged Weapons
  6485 | D:8      | Reached ***** piety under Jiyva
  6509 | D:8      | Reached XP level 11. HP: 51/72 MP: 11/11
  6529 | D:8      | Found a glowing silver altar of Zin.
  6540 | D:8      | Lost mutation: Your body is covered in eyes which may
                  | confuse attackers. (Acc +7, SInv) [Jiyva's grace]
  6540 | D:8      | Gained mutation: Your natural rate of healing is unusually
                  | fast. [Jiyva's grace]
  6540 | D:8      | Gained mutation: You heal very quickly. [Jiyva's grace]
  6540 | D:8      | Gained mutation: You regenerate. [Jiyva's grace]
  6540 | D:8      | Gained mutation: Your muscles are strong. (Str +4, Int/Dex
                  | -1) [Jiyva's grace]
  6655 | D:8      | Found a burning altar of Makhleb.
  6919 | D:9      | Reached skill level 18 in Ranged Weapons
  6919 | D:9      | Slain by a yak

Illustrated notes

Levels and vault maps discovered:
D:1:      onia_arrival_zoo_common, layout_basic
D:2:      layout_basic
D:3:      layout_loops_ring, serial_shops, shop, nicolae_shop_stone, shop,
          nicolae_shop_waterfront, shop, ebering_ecumenical_altar_abandoned,
          grunt_ministairs_3
D:4:      layout_cave_pools, mainiacjoe_overflow_tiny_flanked
D:5:      layout_basic
D:6:      layout_basic, xom_teletrap_fun, temple_hall, serial_shops,
          shop_fountains, minmay_shop_damaged, uniq_duvessa, uniq_pikel,
          uniq_eustachio
D:7:      layout_basic, tgw_kikubaaqudgha
D:8:      minmay_skewed_foursquare, layout_basic, kennysheep_little_box,
          mainiacjoe_overflow_small_starburst, mainiacjoe_overflow_paths
D:9:      layout_cave_pools, nemelex_xobeh_ov_fountains_minmay, vehumet_statue
Temple:   nicolae_temple_figure_zero

Skill      XL: |  1  2  3  4  5  6  7  8  9 10 11 |
---------------+----------------------------------+-----
Ranged Weapons | 5 7 9 11 14 17 18 | 18.0
Fighting       | |  2.3
Dodging        | |  1.8
Stealth        | |  1.4

Action                   |  1- 3 |  4- 6 |  7- 9 | 10-12 || total
-------------------------+-------+-------+-------+-------++-------
 Fire: Shortbow          |    62 |    78 |   120 |       ||   260
       Triple crossbow   |       |       |    97 |   101 ||   198
Invok: Oozemancy         |       |       |     1 |       ||     1
  Use: Scroll            |     7 |     2 |     4 |     2 ||    15
       Potion            |     3 |       |       |       ||     3
Armor: Leather armour    |     2 |     4 |    16 |    22 ||    44
Dodge: Dodged            |    18 |    10 |    53 |    58 ||   139
Block: Other             |       |     5 |    23 |    19 ||    47
       Reflection        |       |     1 |     3 |       ||     4

Table legend: (Time is in decaauts)
 A = Elapsed time spent in this place.
 B = Non-inter-level travel time spent in this place.
 C = Inter-level travel time spent in this place.
 D = Time resting spent in this place.
 E = Time spent auto-exploring this place.
 F = Levels seen in this place.
 G = Mean time per level.
                   A        B        C        D        E       F      G
               +--------+--------+--------+--------+--------+-----+--------+
         Total |   7085 |   6924 |    161 |    369 |   5188 |  10 |  708.5 |
       Dungeon |   6960 |   6805 |    155 |    369 |   5075 |   9 |  773.3 |
        Temple |    124 |    118 |      6 |      0 |    113 |   1 |  124.0 |
               +--------+--------+--------+--------+--------+-----+--------+

Top non-repeatable levels by time:
     D:2: 1206 daAuts
     D:6: 1197 daAuts
     D:8: 1019 daAuts
     D:7: 845 daAuts
     D:1: 743 daAuts
     D:3: 679 daAuts
     D:5: 679 daAuts
     D:4: 557 daAuts
  Temple: 124 daAuts
     D:9: 32 daAuts
